 Seeded DCSS version 0.30.1 (webtiles) character file.

Game seed: 6351066067085065685 (custom seed)

3320 Esekla the Thaumaturge (level 9, -2/45 HPs)
             Began as a Deep Elf Necromancer on July 9, 2023.
             Was a Priest of Vehumet.
             Killed from afar by a white imp (9 damage)
             ... with a puff of frost
             ... on level 8 of the Dungeon.
             The game lasted 00:51:10 (6980 turns).

Esekla the Thaumaturge (Deep Elf Necromancer)       Turns: 6980, Time: 00:51:11

Health: -2/45      AC:  5    Str:  5    XL:     9   Next: 71%
Magic:  25/25      EV: 15    Int: 25    God:    Vehumet [***...]
Gold:   428        SH:  0    Dex: 15    Spells: 17/28 levels left

rFire   . . .        c - +4 scimitar
rCold   . . .        (no shield)
rNeg    . . .        x - +0 robe
rPois   .            k - +0 helmet
rElec   .            H - +0 cloak
rCorr   .            h - +0 pair of gloves
SInv    .            (no boots)
Will    .....        B - amulet of magic regeneration
Stlth   +++          (no ring)
HPRegen 0.27/turn    (no ring)
MPRegen 0.59/turn

%: no passive effects
@: marked
A: no striking features
a: Renounce Religion


You were on level 8 of the Dungeon.
You worshipped Vehumet.
Vehumet was most pleased with you.
You visited 1 branch of the dungeon, and saw 8 of its levels.

You collected 428 gold pieces.

Inventory:

Hand Weapons
 a - a +2 vampiric dagger
 c - a +4 scimitar (weapon)
 r - a +4 trident of venom
 s - the +5 rapier of the Hero {heavy, rN+ Dex+3}
   (You found it on level 3 of the Dungeon)

   Dex:       It affects your dexterity (+3).
   rN:        It protects you from negative energy.
Missiles
 m - 21 poisoned darts (quivered)
 J - 5 curare-tipped darts
Armour
 h - a +0 pair of gloves (worn)
 k - a +0 helmet (worn)
 x - a +0 robe (worn)
 H - a +0 cloak (worn)
Jewellery
 B - an amulet of magic regeneration (around neck)
Wands
 p - a wand of roots (15)
 D - a wand of flame (13)
 G - a wand of mindburst (9)
Scrolls
 e - 3 scrolls of fear {unknown}
 f - 2 scrolls of poison {unknown}
 l - a scroll of immolation {unknown}
 n - 2 scrolls of fog
 t - 5 scrolls of blinking
 u - a scroll of amnesia
 v - a scroll of enchant armour {unknown}
 w - a scroll of summoning {unknown}
 y - 3 scrolls of enchant weapon
 z - a scroll of silence {unknown}
 A - a scroll of magic mapping
 F - 2 scrolls of teleportation {unknown}
 I - 3 scrolls of noise {unknown}
Potions
 b - a potion of magic
 d - 3 potions of ambrosia
 g - 4 potions of curing
 i - 6 potions of attraction
 j - a potion of mutation {unknown}
 o - 2 potions of heal wounds
 q - 2 potions of haste {unknown}
 C - a potion of lignification {unknown}
 E - 3 potions of brilliance {unknown}


   Skills:
 + Level 3.9 Short Blades
 + Level 1.4 Throwing
 * Level 6.1 Dodging
 + Level 5.3 Stealth
 * Level 10.2 Spellcasting
 * Level 0.2 Conjurations
 * Level 9.5 Necromancy
 + Level 4.0 Translocations
 * Level 2.5 Air Magic
 * Level 2.5 Poison Magic
 + Level 0.3 Evocations


You had 17 spell levels left.
You knew the following spells:

 Your Spells              Type           Power      Damage    Failure   Level
c - Mephitic Cloud        Conj/Pois/Air  21%        N/A       1%          3
d - Vampiric Draining     Necr           57%        2d10      1%          3
t - Teleport Other        Tloc           33%        N/A       2%          3
v - Poisonous Vapours     Pois/Air       50%        N/A       1%          2

Your spell library contained the following spells:

 Spells                   Type           Power      Damage    Failure   Level
 Necrotise                Necr           100%       1d9       1%          1
 Lesser Beckoning         Tloc           66%        N/A       1%          2
 Animate Dead             Necr           57%        N/A       1%          4
 Gell's Gravitas          Tloc           33%        N/A       2%          3
 Agony                    Necr           57%        N/A       2%          5
 Spider Form              Tmut/Pois      19%        N/A       9%          3
 Cause Fear               Hex            6%         N/A       43%         4
 Summon Mana Viper        Hex/Summ       12%        N/A       80%         5


Dungeon Overview and Level Annotations

Branches:
Dungeon (8/15)             Temple (0/1) D:6
   Lair: D:8-11

Altars:
Dithmenos
Fedhas
Hepliaklqana
Okawaru
Qazlal
Trog
Vehumet
Zin
The Shining One

Shops:
D:2 =   D:4 (


Message History

The white imp shouts!
The quasit gives a chilling moan.
The ufetubus shouts! x2
You hear a shout! x2
Something shouts, "Bolt, thou fobbing weather-bitten zombie-fodder!"
You hear a shout! x7
An orc priest comes into view. It is wielding a +0 hand axe.
An orc wizard comes into view. It is wielding a +0 dagger.
The kobold throws a poisoned dart.
The poisoned dart hits you!
You are poisoned.
You slash the ufetubus!
You kill the ufetubus!
Vehumet accepts your kill.
You feel very sick. The quasit completely misses you.
The quasit barely misses you. The quasit claws you.
The ufetubus closely misses you. x2
You feel sick.
An orc comes into view. It is wielding a +0 whip.
The orc priest begins to cast a cantrip, but forgets the words!
The white imp gestures at you. The puff of frost hits you!
The ufetubus hits you. The ufetubus closely misses you.
The ufetubus attacks as you move away! The ufetubus closely misses you.
The ufetubus barely misses you. The quasit attacks as you move away!
The quasit bites you.
The quasit claws you but does no damage. x2
You feel sick.
You feel sick. The steam dragon breathes steam at you.
The ball of steam hits you!!
* * * LOW HITPOINT WARNING * * *
The gnoll hits you with a +0 club.
* * * LOW HITPOINT WARNING * * *
You feel better.
You are engulfed in a cloud of scalding steam.
* * * LOW HITPOINT WARNING * * *
An orc comes into view. It is wielding a +0 short sword.
The gnoll is engulfed in a cloud of scalding steam.
The gnoll closely misses you. The white imp gestures at you.
The puff of frost hits you!
You die...

.## ......#.#..........# ...
.....o..#..........### ..#
♣....o.#....###.....# #.#
#...K.5...........#5### .o##
#....o.o..#.####..#..<#####
#.O####......∩..........####)..).
...<.##......§§5...##...# #g####
#.##.##...O...5§##.#....# #g####
#.# ...###...##5@§.#...#####)...#
#.# ##.# ######g######.# #.......
#.# .# #.# #.# #g####.. #.# # .#
#.. #.# #.# #.. .? .# ### #.# #)#
#.. .# #.##.###g# #.. ##.#
#......gg# ... ...#
#####g#)####.##. #..#
#.....#.......#.


You could see a two-headed ogre, a kobold brigand, an orc wizard, a quasit, a
gnoll, 2 white imps, 3 orcs and an ufetubus.

Vanquished Creatures
  Pikel (D:6)
  Joseph (D:7)
  A wyvern (D:7)
  Menkaure (D:7)
  An ice beast (D:6)
  A sky beast (D:6)
  2 black bears
  2 ogres
  A centaur (D:7)
  A phantom (D:7)
  Blork the orc (D:6)
  A kobold brigand (D:6)
  2 gnoll sergeants
  A bullfrog (D:7)
  2 scorpions (D:5)
  3 wights (D:7)
  2 gnoll boudas
  6 hounds
  A jelly (D:6)
  Crazy Yiuf (D:7)
  A sleepcap (D:5)
  5 iguanas
  3 orc wizards
  19 gnolls
  9 adders
  4 white imps
  2 ufetubi
  A worm (D:4)
  3 dart slugs
  22 orcs
  6 ball pythons
  4 endoplasms
  8 goblins
  5 hobgoblins
  A quokka (D:1)
  4 bats
  4 frilled lizards
  13 kobolds
  A rat (D:2)
147 creatures vanquished.

Notes
Turn   | Place    | Note
-------+----------+-------------------------------------------
     0 | D:1      | Esekla the Deep Elf Necromancer began the quest for the
                  | Orb.
     0 | D:1      | Reached XP level 1. HP: 10/10 MP: 6/6
   140 | D:1      | Reached skill level 5 in Necromancy
   266 | D:4      | Found a radiant altar of Vehumet.
   270 | D:4      | Became a worshipper of Vehumet
   349 | D:4      | Found an iron altar of Okawaru.
   627 | D:3      | Reached XP level 2. HP: 12/15 MP: 8/8
   720 | D:3      | Identified the +5 rapier of the Hero {heavy, rN+ Dex+3}
   735 | D:2      | Found Renulab's Jewellery Shop.
  1000 | D:1      | Reached XP level 3. HP: 19/19 MP: 9/9
  1009 | D:1      | Learned a level 3 spell: Vampiric Draining
  1019 | D:1      | Reached * piety under Vehumet
  1019 | D:1      | Offered knowledge of Kiss of Death by Vehumet.
  1162 | D:2      | Reached skill level 1 in Short Blades
  1411 | D:2      | Noticed a black bear
  1513 | D:2      | Reached skill level 1 in Translocations
  1513 | D:2      | Reached XP level 4. HP: 19/24 MP: 4/11
  1597 | D:2      | Found a faded altar of an unknown god.
  1664 | D:2      | Killed a black bear
  1665 | D:2      | Reached skill level 4 in Spellcasting
  1665 | D:2      | Reached XP level 5. HP: 28/28 MP: 10/13
  2034 | D:3      | Found a stormy altar of Qazlal.
  2089 | D:3      | Found a bloodstained altar of Trog.
  2091 | D:3      | Found a hazy altar of Hepliaklqana.
  2485 | D:4      | Found a glowing golden altar of the Shining One.
  2513 | D:4      | Found a glowing silver altar of Zin.
  2554 | D:4      | Reached XP level 6. HP: 28/32 MP: 14/14
  2938 | D:4      | Found Ponaysk's Antique Weapon Boutique.
  3121 | D:4      | Offered knowledge of Foxfire by Vehumet.
  3244 | D:5      | Entered Level 5 of the Dungeon
  3252 | D:5      | Got the Parchment of the Lumpy Olives
  3270 | D:5      | Found a shadowy altar of Dithmenos.
  3301 | D:5      | Reached ** piety under Vehumet
  3447 | D:5      | Reached skill level 5 in Spellcasting
  3452 | D:5      | Reached XP level 7. HP: 30/36 MP: 10/16
  3968 | D:5      | Reached skill level 6 in Spellcasting
  4254 | D:6      | Reached XP level 8. HP: 24/41 MP: 10/19
  4322 | D:6      | Found a blossoming altar of Fedhas.
  4472 | D:6      | Found a staircase to the Ecumenical Temple.
  4676 | D:6      | Noticed Blork the orc
  4691 | D:6      | Killed Blork the orc
  4792 | D:6      | Reached skill level 7 in Spellcasting
  5061 | D:6      | Noticed Pikel
  5091 | D:5      | Learned a level 3 spell: Teleport Other
  5270 | D:6      | Killed Pikel
  5271 | D:6      | Reached skill level 1 in Throwing
  5271 | D:6      | Reached skill level 5 in Dodging
  5271 | D:6      | Reached skill level 8 in Spellcasting
  5571 | D:7      | Offered knowledge of Poisonous Vapours by Vehumet.
  5572 | D:7      | Reached skill level 9 in Spellcasting
  5572 | D:7      | Reached XP level 9. HP: 43/45 MP: 19/24
  5575 | D:7      | Learned a level 2 spell: Poisonous Vapours
  5593 | D:7      | Noticed Menkaure
  5769 | D:7      | Found a runed translucent door.
  5770 | D:7      | Noticed Crazy Yiuf
  5777 | D:7      | Killed Crazy Yiuf
  5895 | D:7      | Reached skill level 1 in Air Magic
  5914 | D:7      | Killed Menkaure
  5915 | D:7      | Reached skill level 5 in Stealth
  5965 | D:7      | Reached *** piety under Vehumet
  6125 | D:7      | Reached skill level 1 in Poison Magic
  6208 | D:7      | Noticed Joseph
  6232 | D:7      | Killed Joseph
  6473 | D:7      | Reached skill level 10 in Spellcasting
  6639 | D:8      | Noticed a two-headed ogre
  6730 | D:8      | Offered knowledge of Mephitic Cloud by Vehumet.
  6741 | D:8      | Learned a level 3 spell: Mephitic Cloud
  6980 | D:8      | Killed from afar by a white imp

Illustrated notes

Levels and vault maps discovered:
D:1:      sevenhm_arrival_forest_fort_small_3, layout_rooms,
          chequers_serial_rivers_room_b, minmay_misc_feat_five
D:2:      layout_loops_ring, dreamdust_ecumenical_altar_angels_and_demons,
          serial_shops, shop
D:3:      layout_basic, grunt_temple_overflow_open, minmay_misc_feat_iff
D:4:      layout_basic, nicolae_overflow_quartered_altars, serial_shops,
          nicolae_diamond_shop
D:5:      layout_loops_ring, lemuel_doored_altar, minmay_misc_feat_rows,
          dreamdust_wishing_well
D:6:      layout_loops_cross, fedhas_altar_fruit_tree,
          minmay_temple_entry_glass, uniq_pikel, uniq_blork_the_orc
D:7:      layout_basic, uniq_menkaure, uniq_joseph, uniq_crazy_yiuf_cottage
D:8:      layout_basic, nicolae_uskayaw_dance_hall, serial_demonic,
          serial_demonic_d, serial_demonic_a, serial_demonic_c,
          serial_demonic_c, nicolae_diode_quadrants

Skill      XL: |  1  2  3  4  5  6  7  8  9 |
---------------+----------------------------+-----
Necromancy     | 5 6 7 8 9 |  9.5
Dodging        | 3 4 5 6 |  6.1
Short Blades   | 1 2 3 |  3.9
Stealth        | 3 4 5 |  5.3
Translocations | 1 2 3 4 |  4.0
Spellcasting   | 4 5 6 9 10 | 10.2
Throwing       | 1 |  1.4
Air Magic      | 2 |  2.5
Poison Magic   | 2 |  2.5
Conjurations   | |  0.2
Evocations     | |  0.3

Action                     |  1- 3 |  4- 6 |  7- 9 || total
---------------------------+-------+-------+-------++-------
  Melee: Short sword       |    29 |       |       ||    29
         Unarmed           |     9 |       |       ||     9
         Rapier            |    34 |    55 |    50 ||   139
         Dagger            |       |    50 |   119 ||   169
         Punch             |       |     1 |     1 ||     2
         Scimitar          |       |       |     6 ||     6
  Throw: Dart              |       |     8 |    14 ||    22
   Cast: Vampiric Draining |     5 |    19 |    55 ||    79
         Necrotise         |       |     1 |       ||     1
         Teleport Other    |       |       |     6 ||     6
         Poisonous Vapours |       |       |     6 ||     6
         Mephitic Cloud    |       |       |     1 ||     1
  Evoke: Wand              |       |       |     8 ||     8
    Use: Scroll            |       |       |     9 ||     9
         Potion            |       |       |     2 ||     2
   Stab: Sleeping          |     9 |     5 |    16 ||    30
         Distracted        |       |     1 |     1 ||     2
         Confused          |       |       |     2 ||     2
 Armour: Robe              |    13 |    18 |    36 ||    67
  Dodge: Dodged            |    37 |    85 |   133 ||   255
